| Goals | Penalties |
1. Red Wings , David Pastrnak 3 (Owen Tippett 3, Brett Pesce 2) at 13:17
|
No Penalty
|
No Goal
|
No Penalty
|
2. Red Wings , Fedor Svechkov 1 (David Pastrnak 5, Mathew Dumba 1) at 1:49
3. Kings , Artemi Panarin 1 (Sidney Crosby 1, Alex Ovechkin 1) at 1:56
4. Red Wings , Mason Marchment 1 (Taylor Raddysh 1, Brett Leason 4) at 2:47
|
No Penalty
|
|
Adin Hill (LAK), 22 saves from 25 shots - (0,880), L, 0-3-0, 60:00 minutes
Tristan Jarry (DET), 25 saves from 26 shots - (0,962), W, 4-0-0, 60:00 minutes
|
|
1 - David Pastrnak (DET)
2 - Tristan Jarry (DET)
3 - Fedor Svechkov (DET)
|
Referees : Tim Mayer and Francois St-Laurent
Linesman : Kyle Flemington and Steve Barton
|
|
| No Game Note
|
|
Level 1 -- Attendance: 3604 (60,07%) -- Ticket Income $468,520
Level 2 -- Attendance: 3144 (62,88%) -- Ticket Income $267,240
Level 3 -- Attendance: 1319 (65,95%) -- Ticket Income $65,950
Level 4 -- Attendance: 3910 (97,75%) -- Ticket Income $97,750
Luxury Box -- Attendance: 582 (58,20%) -- Ticket Income $145,500
Game was played at the Octopus Arena.
Total Attendance: 12559 (69,77%)
Total Ticket Income: $1,044,960
Other Income: $512,030
Total Income: $1,556,990
|
Kings
| 5 vs 5 Forward |
|---|
| Line # | Left Wing | Center | Right Wing | PHY | DF | OF | Wanted % | Time % | Time Play |
| 1 | Alex Ovechkin | Sidney Crosby | Artemi Panarin | 0 | 1 | 4 | 37 | 30% | 18:00
|
| 2 | Sean Monahan | Tomas Hertl | Mats Zuccarello | 0 | 2 | 3 | 33 | 30% | 17:46
|
| 3 | Jesper Boqvist | Sean Kuraly | Jordan Eberle | 1 | 1 | 3 | 23 | 24% | 14:36
|
| 4 | Christian Fischer | Parker Kelly | Jayson Megna | 1 | 2 | 2 | 7 | 16% | 9:38
|
| 5 vs 5 Defense |
|---|
| Line # | Defense | Defense | | PHY | DF | OF | Wanted % | Time % | Time Play |
| 1 | Esa Lindell | Ben Chiarot | | 1 | 3 | 1 | 40 | 38% | 22:46
|
| 2 | Jonas Brodin | Joel Edmundson | | 1 | 3 | 1 | 35 | 34% | 20:09
|
| 3 | Trevor van Riemsdyk | Olli Maatta | | 1 | 4 | 0 | 25 | 26% | 15:24
|
| 4 | Esa Lindell | Ben Chiarot | | 1 | 2 | 2 | 0 | 3% | 1:41
|
| Power Play Forward |
|---|
| Line # | Left Wing | Center | Right Wing | PHY | DF | OF | Wanted % | Time % | Time Play |
| 1 | Alex Ovechkin | Sidney Crosby | Artemi Panarin | 0 | 0 | 5 | 60 | 0% | 0:00
|
| 2 | Sean Monahan | Tomas Hertl | Mats Zuccarello | 0 | 0 | 5 | 40 | 0% | 0:00
|
| Power Play Defense |
|---|
| Line # | Defense | Defense | | PHY | DF | OF | Wanted % | Time % | Time Play |
| 1 | Jonas Brodin | Jordan Eberle | | 0 | 1 | 4 | 60 | 0% | 0:00
|
| 2 | Esa Lindell | Trevor van Riemsdyk | | 0 | 1 | 4 | 40 | 0% | 0:00
|
| Penalty Kill 4 Players Forward |
|---|
| Line # | Center | Wing | PHY | DF | OF | Wanted % | Time % | Time Play |
| 1 | Sean Monahan | Parker Kelly | 1 | 4 | 0 | 60 | 0% | 0:00
|
| 2 | Sean Kuraly | Jesper Boqvist | 1 | 4 | 0 | 40 | 0% | 0:00
|
| Penalty Kill 4 Players Defense |
|---|
| Line # | Defense | Defense | PHY | DF | OF | Wanted % | Time % | Time Play |
| 1 | Esa Lindell | Ben Chiarot | 1 | 4 | 0 | 60 | 0% | 0:00
|
| 2 | Trevor van Riemsdyk | Olli Maatta | 1 | 4 | 0 | 40 | 0% | 0:00
|
| Penalty Kill 3 Players |
|---|
| Line # | Wing | PHY | DF | OF | Wanted % | Time % | Time Play | Defense | Defense | PHY | DF | OF | Wanted % | Time % | Time Play |
| 1 | Tomas Hertl | 1 | 4 | 0 | 60 | 0% | 0:00
| Esa Lindell | Ben Chiarot | 1 | 4 | 0 | 60 | 0% | 0:00
|
| 2 | Sean Monahan | 1 | 4 | 0 | 40 | 0% | 0:00
| Trevor van Riemsdyk | Olli Maatta | 1 | 4 | 0 | 40 | 0% | 0:00
|
| 4 vs 4 Forward |
|---|
| Line # | Center | Wing | PHY | DF | OF | Wanted % | Time % | Time Play |
| 1 | Sidney Crosby | Alex Ovechkin | 0 | 1 | 4 | 60 | 0% | 0:00
|
| 2 | Sean Monahan | Artemi Panarin | 0 | 1 | 4 | 40 | 0% | 0:00
|
| 4 vs 4 Defense |
|---|
| Line # | Defense | | PHY | DF | OF | Wanted % | Time % | Time Play |
| 1 | Esa Lindell | Ben Chiarot | 1 | 2 | 2 | 60 | 0% | 0:00
|
| 2 | Jonas Brodin | Joel Edmundson | 1 | 2 | 2 | 40 | 0% | 0:00
|
| Last Minutes Offensive |
|---|
| Left Wing | Center | Right Wing | Defense | Defense |
| Alex Ovechkin | Sidney Crosby | Artemi Panarin | Esa Lindell | Jonas Brodin |
| Last Minutes Defensive |
|---|
| Left Wing | Center | Right Wing | Defense | Defense |
| Sean Monahan | Tomas Hertl | Sean Kuraly | Esa Lindell | Ben Chiarot |
| Time |
|---|
| Total Forward | Total Defense | Last Minutes Offensive | Last Minutes Defensive |
| 60:00 |
60:00 |
0:00 | 0:00 |
| Extra Forwards |
|---|
| Normal | PowerPlay | Penalty Kill |
|
Jordan Eberle, Jesper Boqvist, Parker Kelly | Jordan Eberle, Jesper Boqvist | Jesper Boqvist |
| Extra Defensemen |
|---|
| Normal | PowerPlay | Penalty Kill |
|
Trevor van Riemsdyk, Olli Maatta, Ben Chiarot | Trevor van Riemsdyk, Jonas Brodin | Olli Maatta |
| Penalty Shots |
|---|
|
Artemi Panarin, Mats Zuccarello, Sean Monahan, Sidney Crosby, Alex Ovechkin |
| Goalie |
|---|
| Adin Hill, John Gibson |
| Custom OT Lines Forwards |
|---|
|
Artemi Panarin, Alex Ovechkin, Tomas Hertl, Sidney Crosby, Mats Zuccarello, Sean Monahan, Jordan Eberle, Sean Kuraly, Jesper Boqvist, Parker Kelly |
| Custom OT Lines Defensemen |
|---|
|
Jonas Brodin, Esa Lindell, Ben Chiarot, Olli Maatta, Trevor van Riemsdyk |
| Scratches |
|---|
|
Alexandar Georgiev (Healthy) |
Red Wings
| 5 vs 5 Forward |
|---|
| Line # | Left Wing | Center | Right Wing | PHY | DF | OF | Wanted % | Time % | Time Play |
| 1 | David Pastrnak | Nick Bjugstad | Owen Tippett | 0 | 3 | 2 | 39 | 31% | 18:39
|
| 2 | Brett Leason | Taylor Raddysh | Mason Marchment | 0 | 4 | 1 | 32 | 34% | 20:08
|
| 3 | Matias Maccelli | Kailer Yamamoto | Justin Holl | 1 | 3 | 1 | 24 | 23% | 13:33
|
| 4 | David Pastrnak | Fedor Svechkov | Brock McGinn | 1 | 3 | 1 | 5 | 13% | 7:40
|
| 5 vs 5 Defense |
|---|
| Line # | Defense | Defense | | PHY | DF | OF | Wanted % | Time % | Time Play |
| 1 | Brett Pesce | Jakob Chychrun | | 2 | 3 | 0 | 34 | 32% | 18:59
|
| 2 | Mason Lohrei | Dylan DeMelo | | 0 | 3 | 2 | 33 | 30% | 17:59
|
| 3 | Calvin de Haan | Mathew Dumba | | 0 | 4 | 1 | 33 | 31% | 18:22
|
| 4 | Nick Perbix | Dylan DeMelo | | 1 | 2 | 2 | 0 | 8% | 4:40
|
| Power Play Forward |
|---|
| Line # | Left Wing | Center | Right Wing | PHY | DF | OF | Wanted % | Time % | Time Play |
| 1 | David Pastrnak | Nick Bjugstad | Owen Tippett | 0 | 0 | 5 | 60 | 0% | 0:00
|
| 2 | Mason Marchment | Taylor Raddysh | Brock McGinn | 0 | 0 | 5 | 40 | 0% | 0:00
|
| Power Play Defense |
|---|
| Line # | Defense | Defense | | PHY | DF | OF | Wanted % | Time % | Time Play |
| 1 | Jakob Chychrun | Dylan DeMelo | | 0 | 1 | 4 | 50 | 0% | 0:00
|
| 2 | Justin Holl | Brett Pesce | | 0 | 1 | 4 | 50 | 0% | 0:00
|
| Penalty Kill 4 Players Forward |
|---|
| Line # | Center | Wing | PHY | DF | OF | Wanted % | Time % | Time Play |
| 1 | Brock McGinn | Justin Holl | 0 | 5 | 0 | 50 | 0% | 0:00
|
| 2 | Taylor Raddysh | Mason Marchment | 0 | 5 | 0 | 50 | 0% | 0:00
|
| Penalty Kill 4 Players Defense |
|---|
| Line # | Defense | Defense | PHY | DF | OF | Wanted % | Time % | Time Play |
| 1 | Jakob Chychrun | Dylan DeMelo | 1 | 4 | 0 | 50 | 0% | 0:00
|
| 2 | Mason Lohrei | Brett Pesce | 1 | 4 | 0 | 50 | 0% | 0:00
|
| Penalty Kill 3 Players |
|---|
| Line # | Wing | PHY | DF | OF | Wanted % | Time % | Time Play | Defense | Defense | PHY | DF | OF | Wanted % | Time % | Time Play |
| 1 | Nick Bjugstad | 0 | 5 | 0 | 50 | 0% | 0:00
| Dylan DeMelo | Justin Holl | 1 | 4 | 0 | 50 | 0% | 0:00
|
| 2 | Mason Marchment | 0 | 5 | 0 | 50 | 0% | 0:00
| Calvin de Haan | Brett Pesce | 1 | 4 | 0 | 50 | 0% | 0:00
|
| 4 vs 4 Forward |
|---|
| Line # | Center | Wing | PHY | DF | OF | Wanted % | Time % | Time Play |
| 1 | Taylor Raddysh | Owen Tippett | 0 | 1 | 4 | 50 | 0% | 0:00
|
| 2 | Nick Bjugstad | Mason Marchment | 0 | 2 | 3 | 50 | 0% | 0:00
|
| 4 vs 4 Defense |
|---|
| Line # | Defense | | PHY | DF | OF | Wanted % | Time % | Time Play |
| 1 | Brett Pesce | Dylan DeMelo | 0 | 3 | 2 | 50 | 0% | 0:00
|
| 2 | Jakob Chychrun | Justin Holl | 0 | 3 | 2 | 50 | 0% | 0:00
|
| Last Minutes Offensive |
|---|
| Left Wing | Center | Right Wing | Defense | Defense |
| David Pastrnak | Owen Tippett | Taylor Raddysh | Jakob Chychrun | Dylan DeMelo |
| Last Minutes Defensive |
|---|
| Left Wing | Center | Right Wing | Defense | Defense |
| David Pastrnak | Owen Tippett | Taylor Raddysh | Jakob Chychrun | Dylan DeMelo |
| Time |
|---|
| Total Forward | Total Defense | Last Minutes Offensive | Last Minutes Defensive |
| 60:00 |
60:00 |
0:00 | 0:00 |
| Extra Forwards |
|---|
| Normal | PowerPlay | Penalty Kill |
|
Justin Holl, Mason Marchment, Nick Bjugstad | Mason Marchment, Kailer Yamamoto | Mason Marchment |
| Extra Defensemen |
|---|
| Normal | PowerPlay | Penalty Kill |
|
Brett Pesce, Dylan DeMelo, Justin Holl | Brett Pesce, Brett Pesce | Dylan DeMelo |
| Penalty Shots |
|---|
|
Justin Holl, Owen Tippett, Mason Marchment, Nick Bjugstad, Kailer Yamamoto |
| Goalie |
|---|
| Tristan Jarry, Joonas Korpisalo |
| Custom OT Lines Forwards |
|---|
|
Justin Holl, Owen Tippett, Nick Bjugstad, Mason Marchment, Taylor Raddysh, Brett Leason, Matias Maccelli, Kailer Yamamoto, Fedor Svechkov, Brock McGinn |
| Custom OT Lines Defensemen |
|---|
|
Nick Perbix, Mathew Dumba, Jakob Chychrun, Brett Pesce, Dylan DeMelo |
Play-by-Play
1st period
0:01 of 1st period - Sidney Crosby wins face-off versus Nick Bjugstad in neutral zone.
1:35 of 1st period - Wrist shot by Matias Maccelli.
1:35 of 1st period - Stopped by Adin Hill without a rebound.
1:36 of 1st period - Tomas Hertl wins face-off versus Nick Bjugstad in Kings zone.
1:43 of 1st period - Wrist shot by Sean Monahan.
1:43 of 1st period - Shot Misses the Net.
2:08 of 1st period - Snap shot by Jesper Boqvist.
2:08 of 1st period - Shot Misses the Net.
2:45 of 1st period - Matias Maccelli is hit by Jayson Megna and loses puck.
2:56 of 1st period - Backhand shot by Matias Maccelli.
2:56 of 1st period - Deflect By Kailer Yamamoto.
2:56 of 1st period - Shot Blocked by Christian Fischer.
2:56 of 1st period - Puck is out of play.
2:57 of 1st period - Tomas Hertl wins face-off versus Nick Bjugstad in Kings zone.
3:29 of 1st period - Snap shot by Artemi Panarin.
3:29 of 1st period - Shot Misses the Net.
3:51 of 1st period - David Pastrnak is hit by Jesper Boqvist and loses puck.
4:06 of 1st period - Snap shot by Jordan Eberle.
4:06 of 1st period - Stopped by Tristan Jarry with a rebound.
4:23 of 1st period - Dylan DeMelo is hit by Mats Zuccarello and loses puck.
4:44 of 1st period - Artemi Panarin is hit by Owen Tippett and loses puck.
5:03 of 1st period - Justin Holl is hit by Jonas Brodin and loses puck.
5:34 of 1st period - Calvin de Haan is hit by Mats Zuccarello and loses puck.
6:08 of 1st period - Snap shot by Artemi Panarin.
6:08 of 1st period - Shot Misses the Net.
6:14 of 1st period - Jonas Brodin is hit by Kailer Yamamoto.
6:28 of 1st period - Justin Holl is hit by Parker Kelly and loses puck.
6:59 of 1st period - Wrist shot by Mats Zuccarello.
6:59 of 1st period - Stopped by Tristan Jarry without a rebound.
7:00 of 1st period - Sidney Crosby wins face-off versus Nick Bjugstad in Red Wings zone.
7:32 of 1st period - Wrist shot by Taylor Raddysh.
7:32 of 1st period - Shot Blocked by Sean Monahan.
7:53 of 1st period - Icing by Trevor van Riemsdyk.
7:54 of 1st period - Jesper Boqvist wins face-off versus Kailer Yamamoto in Kings zone.
7:54 of 1st period - Jesper Boqvist is hit by Justin Holl.
8:00 of 1st period - Snap shot by Jordan Eberle.
8:00 of 1st period - Stopped by Tristan Jarry without a rebound.
8:01 of 1st period - Sidney Crosby wins face-off versus Nick Bjugstad in Red Wings zone.
8:26 of 1st period - Brett Leason is hit by Tomas Hertl and loses puck.
9:44 of 1st period - Slapshot by Tomas Hertl.
9:44 of 1st period - Stopped by Tristan Jarry without a rebound.
9:45 of 1st period - Matias Maccelli wins face-off versus Christian Fischer in Red Wings zone.
9:52 of 1st period - Snap shot by Kailer Yamamoto.
9:52 of 1st period - Shot Misses the Net.
10:11 of 1st period - Snap shot by Owen Tippett.
10:11 of 1st period - Stopped by Adin Hill without a rebound.
10:12 of 1st period - Sidney Crosby wins face-off versus Nick Bjugstad in Kings zone.
10:26 of 1st period - Snap shot by Sidney Crosby.
10:26 of 1st period - Stopped by Tristan Jarry without a rebound.
10:27 of 1st period - Mason Marchment wins face-off versus Tomas Hertl in Red Wings zone.
10:27 of 1st period - Mason Marchment is hit by Ben Chiarot.
11:15 of 1st period - Alex Ovechkin is hit by Kailer Yamamoto and loses puck.
11:34 of 1st period - Wrist shot by David Pastrnak.
11:34 of 1st period - Stopped by Adin Hill without a rebound.
11:35 of 1st period - Fedor Svechkov wins face-off versus Sean Kuraly in Kings zone.
11:46 of 1st period - Snap shot by Brock McGinn.
11:46 of 1st period - Shot Misses the Net.
11:48 of 1st period - Snap shot by David Pastrnak.
11:48 of 1st period - Stopped by Adin Hill without a rebound.
11:49 of 1st period - Tomas Hertl wins face-off versus Nick Bjugstad in Kings zone.
11:49 of 1st period - Tomas Hertl is hit by Nick Bjugstad.
11:56 of 1st period - Off-side.
11:57 of 1st period - Tomas Hertl wins face-off versus Nick Bjugstad in neutral zone.
12:06 of 1st period - Snap shot by Tomas Hertl.
12:06 of 1st period - Shot Misses the Net.
12:08 of 1st period - Wrist shot by Sean Monahan.
12:08 of 1st period - Shot Misses the Net.
12:10 of 1st period - Slapshot by Jonas Brodin.
12:10 of 1st period - Stopped by Tristan Jarry with a rebound.
12:24 of 1st period - Wrist shot by Mats Zuccarello.
12:24 of 1st period - Shot Misses the Net.
12:26 of 1st period - Snap shot by Mats Zuccarello.
12:26 of 1st period - Stopped by Tristan Jarry without a rebound.
12:27 of 1st period - Taylor Raddysh wins face-off versus Sidney Crosby in Red Wings zone.
12:32 of 1st period - Snap shot by Sidney Crosby.
12:32 of 1st period - Stopped by Tristan Jarry without a rebound.
12:33 of 1st period - Sidney Crosby wins face-off versus Taylor Raddysh in Red Wings zone.
12:38 of 1st period - Snap shot by Sidney Crosby.
12:38 of 1st period - Shot Blocked by Brett Leason.
13:03 of 1st period - Wrist shot by Owen Tippett.
13:03 of 1st period - Deflect By David Pastrnak.
13:03 of 1st period - Shot Blocked by Jesper Boqvist.
13:03 of 1st period - Puck is out of play.
13:04 of 1st period - Sean Kuraly wins face-off versus Owen Tippett in Kings zone.
13:15 of 1st period - Slapshot by Owen Tippett.
13:15 of 1st period - Shot Misses the Net.
13:17 of 1st period - Wrist shot by David Pastrnak.
13:17 of 1st period - Goal by David Pastrnak - Kings : 0 - Red Wings : 1.
13:18 of 1st period - Sidney Crosby wins face-off versus Nick Bjugstad in neutral zone.
13:21 of 1st period - Owen Tippett is hit by Ben Chiarot and loses puck.
13:34 of 1st period - Wrist shot by Alex Ovechkin.
13:34 of 1st period - Deflect By Artemi Panarin.
13:34 of 1st period - Shot Blocked by Owen Tippett.
13:34 of 1st period - Puck is out of play.
13:35 of 1st period - Sean Kuraly wins face-off versus Taylor Raddysh in Red Wings zone.
13:48 of 1st period - Snap shot by Jordan Eberle.
13:48 of 1st period - Shot Blocked by Mathew Dumba.
13:50 of 1st period - Slapshot by Trevor van Riemsdyk.
13:50 of 1st period - Deflect By Mason Marchment.
13:50 of 1st period - Stopped by Tristan Jarry with a rebound.
13:57 of 1st period - Icing by Mathew Dumba.
13:58 of 1st period - Tomas Hertl wins face-off versus Taylor Raddysh in Red Wings zone.
13:59 of 1st period - Snap shot by Mats Zuccarello.
13:59 of 1st period - Shot Misses the Net.
14:01 of 1st period - Slapshot by Joel Edmundson.
14:01 of 1st period - Stopped by Tristan Jarry with a rebound.
14:03 of 1st period - Slapshot by Jonas Brodin.
14:03 of 1st period - Stopped by Tristan Jarry without a rebound.
14:04 of 1st period - Nick Bjugstad wins face-off versus Sidney Crosby in Red Wings zone.
14:04 of 1st period - Nick Bjugstad is hit by Jonas Brodin.
14:18 of 1st period - Wrist shot by Owen Tippett.
14:18 of 1st period - Stopped by Adin Hill without a rebound.
14:19 of 1st period - Tomas Hertl wins face-off versus Taylor Raddysh in Kings zone.
14:46 of 1st period - Artemi Panarin is hit by Jakob Chychrun and loses puck.
15:07 of 1st period - Slapshot by Jordan Eberle.
15:07 of 1st period - Deflect By Jesper Boqvist.
15:07 of 1st period - Shot Misses the Net.
15:07 of 1st period - Puck is out of play.
15:08 of 1st period - Jordan Eberle wins face-off versus Kailer Yamamoto in Red Wings zone.
15:11 of 1st period - Snap shot by Jordan Eberle.
15:11 of 1st period - Deflect By Jesper Boqvist.
15:11 of 1st period - Stopped by Tristan Jarry with a rebound.
15:21 of 1st period - Wrist shot by Kailer Yamamoto.
15:21 of 1st period - Shot Misses the Net.
15:23 of 1st period - Slapshot by Justin Holl.
15:23 of 1st period - Stopped by Adin Hill with a rebound.
15:33 of 1st period - Owen Tippett is hit by Sean Monahan.
15:39 of 1st period - Snap shot by Mats Zuccarello.
15:39 of 1st period - Shot Misses the Net.
15:41 of 1st period - Slapshot by Trevor van Riemsdyk.
15:41 of 1st period - Deflect By Sean Monahan.
15:41 of 1st period - Shot Misses the Net.
15:41 of 1st period - Puck is out of play.
15:42 of 1st period - Tomas Hertl wins face-off versus Taylor Raddysh in Red Wings zone.
15:47 of 1st period - Wrist shot by Mats Zuccarello.
15:47 of 1st period - Stopped by Tristan Jarry without a rebound.
15:48 of 1st period - Tomas Hertl wins face-off versus Mason Marchment in Red Wings zone.
16:01 of 1st period - Wrist shot by Brett Leason.
16:01 of 1st period - Shot Misses the Net.
16:20 of 1st period - Ben Chiarot is hit by Nick Bjugstad and loses puck.
17:09 of 1st period - Icing by Brock McGinn.
17:10 of 1st period - Tomas Hertl wins face-off versus Taylor Raddysh in Red Wings zone.
17:15 of 1st period - Wrist shot by Sean Monahan.
17:15 of 1st period - Stopped by Tristan Jarry with a rebound.
17:41 of 1st period - Off-side.
17:42 of 1st period - Nick Bjugstad wins face-off versus Sidney Crosby in neutral zone.
17:59 of 1st period - Snap shot by Sidney Crosby.
17:59 of 1st period - Shot Misses the Net.
18:01 of 1st period - Snap shot by Sidney Crosby.
18:01 of 1st period - Shot Misses the Net.
18:03 of 1st period - Slapshot by Jonas Brodin.
18:03 of 1st period - Stopped by Tristan Jarry with a rebound.
18:05 of 1st period - Snap shot by Artemi Panarin.
18:05 of 1st period - Shot Misses the Net.
18:27 of 1st period - Slapshot by Owen Tippett.
18:27 of 1st period - Shot Misses the Net.
18:29 of 1st period - Slapshot by Brett Pesce.
18:29 of 1st period - Shot Blocked by Ben Chiarot.
18:31 of 1st period - Slapshot by Brett Pesce.
18:31 of 1st period - Shot Hit the Post.
18:33 of 1st period - Snap shot by Nick Bjugstad.
18:33 of 1st period - Deflect By David Pastrnak.
18:33 of 1st period - Shot Blocked by Ben Chiarot.
18:33 of 1st period - Puck is out of play.
18:34 of 1st period - Taylor Raddysh wins face-off versus Tomas Hertl in Kings zone.
19:07 of 1st period - Backhand shot by Kailer Yamamoto.
19:07 of 1st period - Stopped by Adin Hill with a rebound.
19:09 of 1st period - Wrist shot by Justin Holl.
19:09 of 1st period - Stopped by Adin Hill with a rebound.
19:11 of 1st period - Backhand shot by Justin Holl.
19:11 of 1st period - Stopped by Adin Hill with a rebound.
19:13 of 1st period - Slapshot by Calvin de Haan.
19:13 of 1st period - Deflect By Sean Kuraly.
19:13 of 1st period - Stopped by Adin Hill with a rebound.
19:48 of 1st period - Trevor van Riemsdyk is hit by Kailer Yamamoto and loses puck.
Goals for this period are 0 for Kings vs 1 for Red Wings.
Shots for this period are 15 for Kings vs 11 for Red Wings.
2nd period
0:01 of 2nd period - Sidney Crosby wins face-off versus Nick Bjugstad in neutral zone.
1:10 of 2nd period - Snap shot by Jayson Megna.
1:10 of 2nd period - Shot Blocked by Fedor Svechkov.
1:12 of 2nd period - Slapshot by Parker Kelly.
1:12 of 2nd period - Shot Misses the Net.
1:14 of 2nd period - Slapshot by Trevor van Riemsdyk.
1:14 of 2nd period - Stopped by Tristan Jarry without a rebound.
1:15 of 2nd period - Sidney Crosby wins face-off versus Taylor Raddysh in Red Wings zone.
1:49 of 2nd period - Wrist shot by David Pastrnak.
1:49 of 2nd period - Shot Misses the Net.
2:19 of 2nd period - Jesper Boqvist is hit by Matias Maccelli and loses puck.
3:01 of 2nd period - Wrist shot by Jordan Eberle.
3:01 of 2nd period - Stopped by Tristan Jarry with a rebound.
3:03 of 2nd period - Slapshot by Esa Lindell.
3:03 of 2nd period - Deflect By Jesper Boqvist.
3:03 of 2nd period - Stopped by Tristan Jarry with a rebound.
3:05 of 2nd period - Snap shot by Jesper Boqvist.
3:05 of 2nd period - Stopped by Tristan Jarry with a rebound.
3:54 of 2nd period - Snap shot by Sean Kuraly.
3:54 of 2nd period - Stopped by Tristan Jarry with a rebound.
4:06 of 2nd period - Snap shot by Jesper Boqvist.
4:06 of 2nd period - Shot Misses the Net.
4:54 of 2nd period - Icing by Taylor Raddysh.
4:55 of 2nd period - Mason Marchment wins face-off versus Sidney Crosby in Red Wings zone.
5:32 of 2nd period - Snap shot by Owen Tippett.
5:32 of 2nd period - Shot Blocked by Tomas Hertl.
5:52 of 2nd period - Snap shot by Parker Kelly.
5:52 of 2nd period - Shot Blocked by Calvin de Haan.
6:49 of 2nd period - Mats Zuccarello is hit by Mason Lohrei and loses puck.
7:24 of 2nd period - Justin Holl is hit by Parker Kelly.
8:26 of 2nd period - Jonas Brodin is hit by Nick Bjugstad and loses puck.
11:12 of 2nd period - Jayson Megna is hit by Brett Pesce and loses puck.
11:49 of 2nd period - Tomas Hertl is hit by Brett Leason and loses puck.
13:56 of 2nd period - David Pastrnak is hit by Olli Maatta and loses puck.
16:37 of 2nd period - Owen Tippett is hit by Sean Monahan and loses puck.
19:03 of 2nd period - Owen Tippett is hit by Mats Zuccarello and loses puck.
19:17 of 2nd period - Icing by Artemi Panarin.
19:18 of 2nd period - Sidney Crosby wins face-off versus Taylor Raddysh in Kings zone.
19:36 of 2nd period - Icing by Mathew Dumba.
19:37 of 2nd period - Fedor Svechkov wins face-off versus Artemi Panarin in Red Wings zone.
19:37 of 2nd period - Fedor Svechkov is hit by Jonas Brodin.
19:55 of 2nd period - Slapshot by Matias Maccelli.
19:55 of 2nd period - Shot Misses the Net.
19:57 of 2nd period - Snap shot by Justin Holl.
19:57 of 2nd period - Shot Misses the Net.
Goals for this period are 0 for Kings vs 0 for Red Wings.
Shots for this period are 5 for Kings vs 0 for Red Wings.
3rd period
0:01 of 3rd period - Sidney Crosby wins face-off versus Nick Bjugstad in neutral zone.
0:14 of 3rd period - Snap shot by Artemi Panarin.
0:14 of 3rd period - Shot Misses the Net.
1:35 of 3rd period - Slapshot by Sean Monahan.
1:35 of 3rd period - Shot Blocked by Calvin de Haan.
1:43 of 3rd period - Snap shot by Fedor Svechkov.
1:43 of 3rd period - Shot Misses the Net.
1:45 of 3rd period - Wrist shot by Fedor Svechkov.
1:45 of 3rd period - Shot Misses the Net.
1:47 of 3rd period - Wrist shot by Mathew Dumba.
1:47 of 3rd period - Deflect By David Pastrnak.
1:47 of 3rd period - Stopped by Adin Hill with a rebound.
1:49 of 3rd period - Snap shot by Fedor Svechkov.
1:49 of 3rd period - Goal by Fedor Svechkov - Kings : 0 - Red Wings : 2.
1:50 of 3rd period - Sidney Crosby wins face-off versus Taylor Raddysh in neutral zone.
1:52 of 3rd period - Off-side.
1:53 of 3rd period - Alex Ovechkin wins face-off versus Taylor Raddysh in neutral zone.
1:56 of 3rd period - Snap shot by Artemi Panarin.
1:56 of 3rd period - Goal by Artemi Panarin - Kings : 1 - Red Wings : 2.
1:57 of 3rd period - Sidney Crosby wins face-off versus Nick Bjugstad in neutral zone.
2:06 of 3rd period - Snap shot by David Pastrnak.
2:06 of 3rd period - Shot Misses the Net.
2:08 of 3rd period - Slapshot by Brett Pesce.
2:08 of 3rd period - Stopped by Adin Hill without a rebound.
2:09 of 3rd period - Nick Bjugstad wins face-off versus Artemi Panarin in Kings zone.
2:10 of 3rd period - Snap shot by David Pastrnak.
2:10 of 3rd period - Shot Misses the Net.
2:20 of 3rd period - Wrist shot by Esa Lindell.
2:20 of 3rd period - Deflect By Alex Ovechkin.
2:20 of 3rd period - Stopped by Tristan Jarry with a rebound.
2:47 of 3rd period - Snap shot by Mason Marchment.
2:47 of 3rd period - Goal by Mason Marchment - Kings : 1 - Red Wings : 3.
2:48 of 3rd period - Nick Bjugstad wins face-off versus Sidney Crosby in neutral zone.
3:15 of 3rd period - Icing by Brett Pesce.
3:16 of 3rd period - Tomas Hertl wins face-off versus Taylor Raddysh in Red Wings zone.
3:27 of 3rd period - Ben Chiarot is hit by Calvin de Haan and loses puck.
4:06 of 3rd period - Snap shot by Parker Kelly.
4:06 of 3rd period - Shot Misses the Net.
4:18 of 3rd period - Snap shot by Mason Marchment.
4:18 of 3rd period - Stopped by Adin Hill with a rebound.
4:20 of 3rd period - Slapshot by Mathew Dumba.
4:20 of 3rd period - Shot Blocked by Trevor van Riemsdyk.
4:22 of 3rd period - Slapshot by Calvin de Haan.
4:22 of 3rd period - Shot Blocked by Trevor van Riemsdyk.
4:24 of 3rd period - Snap shot by Calvin de Haan.
4:24 of 3rd period - Deflect By Mason Marchment.
4:24 of 3rd period - Stopped by Adin Hill without a rebound.
4:25 of 3rd period - Nick Bjugstad wins face-off versus Sidney Crosby in Kings zone.
4:26 of 3rd period - Snap shot by David Pastrnak.
4:26 of 3rd period - Stopped by Adin Hill with a rebound.
4:42 of 3rd period - Slapshot by Artemi Panarin.
4:42 of 3rd period - Shot Misses the Net.
4:57 of 3rd period - Snap shot by Matias Maccelli.
4:57 of 3rd period - Stopped by Adin Hill with a rebound.
4:59 of 3rd period - Slapshot by Jakob Chychrun.
4:59 of 3rd period - Stopped by Adin Hill without a rebound.
5:00 of 3rd period - Kailer Yamamoto wins face-off versus Tomas Hertl in Kings zone.
5:03 of 3rd period - Slapshot by Matias Maccelli.
5:03 of 3rd period - Shot Misses the Net.
5:05 of 3rd period - Slapshot by Dylan DeMelo.
5:05 of 3rd period - Stopped by Adin Hill without a rebound.
5:06 of 3rd period - Tomas Hertl wins face-off versus Matias Maccelli in Kings zone.
5:17 of 3rd period - Backhand shot by Matias Maccelli.
5:17 of 3rd period - Shot Blocked by Tomas Hertl.
5:41 of 3rd period - Wrist shot by Owen Tippett.
5:41 of 3rd period - Shot Misses the Net.
5:58 of 3rd period - Icing by Brett Pesce.
5:59 of 3rd period - Sean Monahan wins face-off versus Taylor Raddysh in Red Wings zone.
6:02 of 3rd period - Wrist shot by Sean Monahan.
6:02 of 3rd period - Shot Blocked by Brett Leason.
6:42 of 3rd period - Brett Leason is hit by Jayson Megna and loses puck.
7:17 of 3rd period - Snap shot by Kailer Yamamoto.
7:17 of 3rd period - Stopped by Adin Hill without a rebound.
7:18 of 3rd period - Sean Kuraly wins face-off versus Kailer Yamamoto in Kings zone.
7:41 of 3rd period - Wrist shot by Matias Maccelli.
7:41 of 3rd period - Stopped by Adin Hill with a rebound.
8:04 of 3rd period - Jordan Eberle is hit by Mathew Dumba and loses puck.
8:15 of 3rd period - Icing by Jesper Boqvist.
8:16 of 3rd period - Nick Bjugstad wins face-off versus Sean Kuraly in Kings zone.
8:25 of 3rd period - Snap shot by Sean Kuraly.
8:25 of 3rd period - Shot Misses the Net.
8:27 of 3rd period - Slapshot by Jesper Boqvist.
8:27 of 3rd period - Shot Misses the Net.
8:39 of 3rd period - Slapshot by Sean Kuraly.
8:39 of 3rd period - Shot Misses the Net.
9:19 of 3rd period - Wrist shot by Sean Kuraly.
9:19 of 3rd period - Shot Misses the Net.
9:21 of 3rd period - Slapshot by Jonas Brodin.
9:21 of 3rd period - Deflect By Owen Tippett.
9:21 of 3rd period - Stopped by Tristan Jarry without a rebound.
9:22 of 3rd period - Artemi Panarin wins face-off versus Taylor Raddysh in Red Wings zone.
9:23 of 3rd period - Snap shot by Alex Ovechkin.
9:23 of 3rd period - Deflect By Artemi Panarin.
9:23 of 3rd period - Shot Misses the Net.
9:23 of 3rd period - Puck is out of play.
9:24 of 3rd period - Sidney Crosby wins face-off versus Taylor Raddysh in Red Wings zone.
10:17 of 3rd period - Snap shot by Christian Fischer.
10:17 of 3rd period - Stopped by Tristan Jarry with a rebound.
12:29 of 3rd period - Slapshot by Mason Lohrei.
12:29 of 3rd period - Deflect By David Pastrnak.
12:29 of 3rd period - Shot Hit the Post.
12:29 of 3rd period - Puck is out of play.
12:30 of 3rd period - Fedor Svechkov wins face-off versus Tomas Hertl in Kings zone.
12:35 of 3rd period - Slapshot by Mason Lohrei.
12:35 of 3rd period - Stopped by Adin Hill with a rebound.
13:07 of 3rd period - Backhand shot by Matias Maccelli.
13:07 of 3rd period - Stopped by Adin Hill with a rebound.
13:09 of 3rd period - Slapshot by Mathew Dumba.
13:09 of 3rd period - Shot Blocked by Olli Maatta.
14:05 of 3rd period - Snap shot by Jesper Boqvist.
14:05 of 3rd period - Shot Misses the Net.
14:07 of 3rd period - Wrist shot by Sean Kuraly.
14:07 of 3rd period - Stopped by Tristan Jarry with a rebound.
14:09 of 3rd period - Slapshot by Sean Kuraly.
14:09 of 3rd period - Shot Misses the Net.
14:55 of 3rd period - Mathew Dumba is hit by Sean Monahan.
15:21 of 3rd period - Olli Maatta is hit by Owen Tippett and loses puck.
16:57 of 3rd period - Brett Pesce is hit by Ben Chiarot and loses puck.
17:18 of 3rd period - Justin Holl is hit by Sidney Crosby and loses puck.
17:39 of 3rd period - Jesper Boqvist is hit by David Pastrnak and loses puck.
17:50 of 3rd period - Wrist shot by Jordan Eberle.
17:50 of 3rd period - Deflect By Tomas Hertl.
17:50 of 3rd period - Stopped by Tristan Jarry with a rebound.
18:06 of 3rd period - Tomas Hertl is hit by Nick Bjugstad and loses puck.
19:15 of 3rd period - Nick Bjugstad is hit by Parker Kelly.
19:40 of 3rd period - Snap shot by Alex Ovechkin.
19:40 of 3rd period - Shot Misses the Net.
Goals for this period are 1 for Kings vs 2 for Red Wings.
Shots for this period are 6 for Kings vs 14 for Red Wings.